 Dungeon Crawl Stone Soup version 0.22.1-1-ga44c0e5 (webtiles) character file.

55 Larett the Skirmisher (level 3, 0/36 HPs)
             Began as a Minotaur Berserker on Oct 19, 2018.
             Was a Believer of Trog.
             Slain by Grinder (2 damage)
             ... on level 3 of the Dungeon.
             The game lasted 00:04:01 (2012 turns).

Larett the Skirmisher (Minotaur Berserker)          Turns: 2012, Time: 00:04:02

Health: 0/36       AC:  2    Str: 21    XL:     3   Next: 67%
Magic:  2/2        EV: 12    Int:  4    God:    Trog [**....]
Gold:   50         SH:  0    Dex: 10    Spells: 2/2 levels left

rFire    . . .     SeeInvis .   a - +0 hand axe
rCold    . . .     Gourm    .   (no shield)
rNeg     . . .     Faith    .   g - +0 robe {MR+}
rPois    .         Spirit   .   (helmet restricted)
rElec    .         Reflect  .   (no cloak)
rCorr    .         Harm     .   (no gloves)
MR       +++..                  (no boots)
Stlth    +.........             (no amulet)
HPRegen  1.12/turn              (no ring)
MPRegen  0.08/turn              (no ring)

@: berserk cooldown, regenerating, slowed, very slow
A: retaliatory headbutt, horns 2
a: Berserk, Trog's Hand, Renounce Religion


You were on level 3 of the Dungeon.
You worshipped Trog.
Trog was pleased with you.
You were near starving.

You visited 1 branch of the dungeon, and saw 3 of its levels.

You collected 50 gold pieces.

Inventory:

Hand Weapons
 a - a +0 hand axe (weapon)
Missiles
 i - 18 poisoned needles
 j - 80 stones (quivered)
 p - 20 bolts
 q - 11 arrows
Armour
 g - a +0 robe of magic resistance (worn)
Jewellery
 v - a +3 ring of dexterity {unknown}
Scrolls
 d - a scroll of random uselessness {unknown}
 h - a scroll of blinking {unknown}
 m - a scroll of magic mapping {unknown}
 t - 3 scrolls of identify {unknown}
 x - a scroll of teleportation {unknown}
Potions
 k - a potion of ambrosia {unknown}
 n - a potion of mutation {unknown}
 r - a potion of berserk rage {unknown}
 s - a potion of agility {unknown}
 w - a potion of curing {unknown}
Comestibles
 c - 3 rations
 u - 2 chunks of flesh


   Skills:
 * Level 5.1 Fighting
 + Level 4.3 Axes
 - Level 2.4 Armour
 - Level 2.1 Dodging


You had 2 spell levels left.
You didn't know any spells.
Your spell library was empty.

Dungeon Overview and Level Annotations

Branches:
Dungeon (3/15)

Altars:
Elyvilon

Annotations:
D:3 Grinder


Innate Abilities, Weirdness & Mutations

You reflexively headbutt those who attack you in melee.
You have a pair of horns on your head.


Message History

Grinder gestures at you. You resist with almost no effort.
The hobgoblin hits you with a club. Grinder hits you.
You writhe in agony.
You closely miss Grinder.
Grinder is moderately wounded.
You hit the hobgoblin.
You kill the hobgoblin!
Trog accepts your kill. Grinder completely misses you.
You barely miss Grinder. You headbutt Grinder, but do no damage.
Grinder is moderately wounded.
You feel the effects of Trog's Hand fading.
Grinder closely misses you. Grinder hits you.
You writhe in agony.
* * * LOW HITPOINT WARNING * * *
You slash Grinder!
Grinder is severely wounded.
Grinder hits you.
* * * LOW HITPOINT WARNING * * *
You writhe in agony.
You die...

#........>.#
#.......#..#
..........#.
...........
..........
########..#......
#................
#....5@).<.......
#...........##...
.............+
.............#
#.....###.!###
#..... #..#
#..... #..#
"..... #.##


You could see Grinder.

Vanquished Creatures
  An adder (D:2)
  A worm (D:2)
  3 dart slugs
  A ball python (D:2)
  3 bats (D:1)
  A giant cockroach (D:2)
  4 goblins
  6 hobgoblins
  3 jackals (D:2)
  7 kobolds
  A frilled lizard (D:2)
  3 rats (D:2)
34 creatures vanquished.

Notes
Turn   | Place    | Note
-------+----------+-------------------------------------------
     0 | D:1      | Larett the Minotaur Berserker began the quest for the Orb.
     0 | D:1      | Reached XP level 1. HP: 19/19 MP: 0/0
   259 | D:1      | Reached skill level 4 in Fighting
   507 | D:1      | Reached XP level 2. HP: 27/27 MP: 1/1
   580 | D:1      | HP: 3/27 [kobold/short sword of distortion (3)]
  1503 | D:2      | Reached XP level 3. HP: 32/34 MP: 2/2
  1599 | D:2      | Found a white marble altar of Elyvilon.
  1862 | D:2      | Reached ** piety under Trog
  1862 | D:2      | Reached skill level 5 in Fighting
  2000 | D:3      | Noticed Grinder
  2012 | D:3      | HP: 2/36 [Grinder (6)]
  2012 | D:3      | Slain by Grinder

Skill      XL: |  1  2  3 |
---------------+----------+-----
Fighting       | 4 5 |  5.1
Axes           | 4 |  4.3
Armour         | |  2.4
Dodging        | |  2.1

Action                   || total
-------------------------++-------
Melee: Hand axe          ||    83
       Headbutt          ||    14
Throw: Stone             ||     5
Invok: Berserk           ||     1
       Trog's Hand       ||     1
 Stab: Sleeping          ||     1
  Eat: Chunk             ||     3
Armor: Robe              ||    18
Dodge: Dodged            ||    53
